 Dungeon Crawl Stone Soup version 0.31-a0-1447-g87ca8d402b (webtiles) character file.

Game seed: 15419816317834009034

28394 Laraso the Devastator (level 13, -4/114 HPs)
             Began as an Oni Cinder Acolyte on Dec 27, 2023.
             Was a High Priest of Ignis.
             Slain by an anaconda simulacrum (48 damage)
             ... in an ice cave.
             The game lasted 00:30:46 (17447 turns).

Laraso the Devastator (Oni Cinder Acolyte)         Turns: 17447, Time: 00:30:47

Health: -4/114     AC:  5    Str: 21    XL:     13   Next: 38%
Magic:  7/25       EV:  6    Int: 28    God:    Ignis [*****.]
Gold:   746        SH:  0    Dex:  4    Spells: 4/29 levels left

rFire   + + +        a - staff of fire
rCold   x . .        (no shield)
rNeg    . . .        M - +0 troll leather armour
rPois   .            y - +0 hat
rElec   .            d - +0 cloak
rCorr   .            (gloves unavailable)
SInv    .            (boots unavailable)
Will    +....        E - amulet "Aboah" {+Blink Regen+ Int+3}
Stlth   +            G - ring of fire
HPRegen 1.99/turn    f - +6 ring of intelligence
MPRegen 0.19/turn

%: no passive effects
@: very slightly contaminated, constricted
A: large, unfitting armour, horns 1, tough skin 1, double potion healing,
drunken brawling
a: Renounce Religion, Evoke Blink, Fiery Armour, Foxfire Swarm, Rising Flame


You were in an ice cave.
You worshipped Ignis.
Ignis was extremely pleased with you.
You visited 3 branches of the dungeon, and saw 14 of its levels.
You also visited: Ice Cave.

You collected 828 gold pieces.
You spent 82 gold pieces at shops.

Inventory:

Hand Weapons
 b - a +4 flail of flaming
Armour
 d - a +0 cloak (worn)
 t - a +1 robe
 y - a +0 hat (worn)
 F - an orb of mayhem
 I - +0 acid dragon scales
 M - a +0 troll leather armour (worn)
 Q - a +0 kite shield
Magical Staves
 a - a staff of fire (weapon)
Jewellery
 f - a +6 ring of intelligence (right hand)
 j - a ring of magical power
 B - a ring of poison resistance
 C - a ring of protection from fire
 E - the amulet "Aboah" (around neck) {+Blink Regen+ Int+3}
   (You acquired it on level 8 of the Dungeon)

   [amulet of regeneration]

   Int+3:     It affects your intelligence (+3).
   +Blink:    It lets you blink.
   Regen+:    It increases your rate of health regeneration.
 G - a ring of fire (left hand)
 L - a ring of resist corrosion
 N - the ring "Inaw" {rElec Int+3 SInv}
   (You took it off a centaur warrior on level 11 of the Dungeon)

   [ring of see invisible]

   Int+3:     It affects your intelligence (+3).
   rElec:     It insulates you from electricity.
   SInv:      It lets you see invisible.
 R - a ring of ice
Wands
 k - a wand of digging (5)
 x - a wand of charming (15)
 z - a wand of polymorph (7)
Scrolls
 h - 6 scrolls of immolation
 i - 7 scrolls of teleportation
 o - 2 scrolls of fear
 p - 4 scrolls of amnesia
 q - 3 scrolls of blinking
 u - 3 scrolls of enchant armour
 v - 6 scrolls of vulnerability
 H - 3 scrolls of enchant weapon
 O - a scroll of revelation
 P - a scroll of brand weapon
Potions
 c - a potion of enlightenment
 e - 8 potions of curing
 g - 2 potions of haste
 l - a potion of heal wounds {unknown}
 m - 3 potions of magic
 n - 2 potions of resistance
 r - 2 potions of lignification
 s - 3 potions of mutation
 w - a potion of attraction {unknown}
 A - a potion of invisibility
 D - a potion of cancellation {unknown}
 J - a potion of brilliance {unknown}
 K - a potion of might {unknown}


   Skills:
 - Level 4.0 Fighting
 - Level 4.2 Maces & Flails
 * Level 8.8 Spellcasting
 - Level 16.0 Conjurations
 - Level 6.0 Necromancy
 - Level 3.0 Translocations
 - Level 8.0 Fire Magic


You had 4 spell levels left.
You knew the following spells:

 Your Spells              Type           Power      Damage    Failure   Level
a - Scorch                Fire           100%       2d9       1%          2
b - Blink                 Tloc           58%        N/A       2%          2
c - Sublimation of Blood  Necr           46%        N/A       1%          2
d - Foxfire               Conj/Fire      100%       2x1d9     1%          1
f - Fireball              Conj/Fire      54%        3d21      1%          5
r - Orb of Destruction    Conj           40%        9d11      6%          7
v - Starburst             Conj/Fire      54%        6d15      6%          6

Your spell library contained the following spells:

 Spells                   Type           Power      Damage    Failure   Level
 Momentum Strike          Conj/Tloc      100%       3d10      1%          2
 Hailstorm                Conj/Ice       55%        3d11      1%          3
 Stone Arrow              Conj/Erth      100%       3d13      1%          3
 Brom's Barrelling Bould  Conj/Erth      55%        2d7       1%          4
 Lesser Beckoning         Tloc           58%        N/A       2%          2
 Sandblast                Erth           24%        2d8       5%          1
 Passwall                 Erth           12%        N/A       16%         3
 Summon Ice Beast         Ice/Summ       12%        N/A       16%         3
 Olgreb's Toxic Radiance  Alch           12%        N/A       45%         4
 Petrify                  Alch/Erth      12%        N/A       45%         4
 Iskenderun's Battlesphe  Conj           80%        2d13      1%          5
 Irradiate                Conj/Alch      27%        3d20      5%          5
 Conjure Ball Lightning   Conj/Air       27%        3x3d8     30%         6
 Summon Forest            Summ/Tloc      10%        N/A       61%         5
 Summon Mana Viper        Hex/Summ       12%        N/A       82%         5
 Plasma Beam              Fire/Air       33%        2x1d46    83%         6
 Sculpt Simulacrum        Ice/Alch       6%         N/A       100%        6
 Summon Cactus Giant      Summ           6%         N/A       100%        6
 Ozocubu's Refrigeration  Ice            6%         4d8       100%        7
 Discord                  Hex            6%         N/A       100%        8


Dungeon Overview and Level Annotations

Branches:
Dungeon (11/15)            Temple (1/1) D:4            Lair (2/5) D:8
    Orc (0/2) D:10          IceCv (1/1)
  Swamp: Lair:2-3    Shoals: Lair:2-3     Snake: Lair:2-3    Spider: Lair:2-3

Altars:
Ashenzari
Cheibriados
Dithmenos
Elyvilon
Fedhas
Gozag
Hepliaklqana
Kikubaaqudgha
Makhleb
Nemelex Xobeh
Okawaru
Qazlal
Ru
Sif Muna
Trog
Uskayaw
Vehumet
Wu Jian
Xom
Yredelemnul
Zin
The Shining One

Shops:
D:5 :*   D:7 *


Innate Abilities, Weirdness & Mutations

You are too large for most types of armour.
You have a pair of small horns on your head.
You have tough skin. (AC +1)
You gain doubled healing and magic from potions.
Whenever you drink a healing potion, you attack all around you.


Message History

Confirm with . or Enter, or press ? or * to list all spells.
Okay, then.
Casting: Fireball (mildly dangerous; 1% risk of failure)
Confirm with . or Enter, or press ? or * to list all spells.
Okay, then.
Casting: Fireball (mildly dangerous; 1% risk of failure)
Confirm with . or Enter, or press ? or * to list all spells.
Casting: Starburst (dangerous; 6% risk of failure)
Press: ? - help, Dir - look around, f - activate You feel a strong surge of power!
The bolt of fire hits the dire elephant simulacrum!!!!
The dire elephant simulacrum melts!
The dire elephant simulacrum vaporises!
You hear a sizzling sound!
An anaconda simulacrum comes into view.
Casting: Starburst (dangerous; 6% risk of failure)
Confirm with . or Enter, or press ? or * to list all spells.
Casting: Starburst (dangerous; 6% risk of failure)
Press: ? - help, Dir - look around, f - activate You feel a strong surge of power!
You miscast Starburst.
You are very lightly contaminated with residual magic.
There is a sudden and violent explosion of flames.
You resist.
The anaconda simulacrum barely misses you. x2
The anaconda simulacrum grabs you. The anaconda simulacrum bites you.
The anaconda simulacrum freezes you!!
You feel a terrible chill! The anaconda simulacrum constricts you.
Casting: Starburst (dangerous; 6% risk of failure)
Confirm with . or Enter, or press ? or * to list all spells.
Casting: Starburst (dangerous; 6% risk of failure)
Press: ? - help, Dir - look around, f - activate You feel a strong surge of power!
The bolt of fire misses the anaconda simulacrum.
The anaconda simulacrum bites you! The anaconda simulacrum freezes you!!
You feel a terrible chill! The anaconda simulacrum constricts you.
Unknown command.
The anaconda simulacrum's grasp on you weakens, but your attempt to escape fails.
The anaconda simulacrum bites you! The anaconda simulacrum freezes you!!!
You feel a terrible chill!
You die...

#.#.....## #.
#.....## ##
####...## ##...####
###....#######
###...#....# ###
###....##. ##.######
########
###@#.#[..## ###.
#.Z###..⌠..# ##...
###..##...######....
Z##..#####.....##
###..####.....##
##...#....###
###....### #####..#
#.##


You could see an anaconda simulacrum.

Vanquished Creatures
  Gastronok (D:8)
  3 boulder beetles
  8 two-headed ogres
  A centaur warrior (D:11)
  Erica (D:8)
  The ghost of Sonofthefire the Fighter, a novice OpSh of Qazlal (D:8)
  2 manticores (D:11)
  A wolf spider (D:11)
  4 cyclopes (D:11)
  Maurice (D:8)
  A black mamba (Lair:1)
  Maggie (D:10)
  An ice statue (IceCv)
  2 cane toads
  Jeremiah (D:9)
  3 kobold demonologists
  4 komodo dragons
  Prince Ribbit (D:7)
  2 trolls (D:11)
  3 dire elephant simulacra (IceCv)
  2 vampires (D:11)
  2 wraiths (D:11)
  A shadow (D:11)
  A wyvern (D:8)
  2 steam dragons
  20 yaks
  A death yak simulacrum (IceCv)
  A harpy simulacrum (IceCv)
  Edmund (D:4)
  An acid dragon (D:10)
  A hydra simulacrum (IceCv)
  5 water moccasins
  Duvessa (D:6)
  A hornet zombie (D:8)
  8 orc warriors
  A swamp drake (D:10)
  2 black bears
  An ice beast (D:8)
  A sky beast (D:7)
  An ogre (D:5)
  3 centaurs
  3 phantoms
  8 kobold brigands
  A gnoll sergeant (D:9)
  3 scorpions
  5 bullfrogs
  2 cane toad simulacra
  7 wights
  7 two-headed ogre simulacra (IceCv)
  Dowan (D:6)
  8 killer bees
  4 howler monkeys
  9 electric eels
  2 bombardier beetles (D:3)
  A crimson imp (D:9)
  9 orc priests
  5 hounds
  4 sleepcaps
  3 iguanas
  17 orc wizards
  5 spriggan simulacra (IceCv)
  5 troll simulacra (IceCv)
  A wolf simulacrum (IceCv)
  2 polar bear simulacra (IceCv)
  A killer bee zombie (D:8)
  8 gnolls
  7 adders
  4 naga simulacra (IceCv)
  5 white imps
  10 ufetubi
  2 worms (D:2)
  4 dart slugs
  52 orcs
  7 endoplasms
  3 giant cockroaches
  5 goblins
  12 hobgoblins
  6 jackals
  30 kobolds
  2 quokkas
  8 ball pythons
  12 bats
  3 frilled lizards (D:2)
  7 rats
  A butterfly (D:4)
400 creatures vanquished.

Vanquished Creatures (others)
  64 foxfires
64 creatures vanquished.

Grand Total: 464 creatures vanquished

Notes
Turn   | Place    | Note
-------+----------+-------------------------------------------
     0 | D:1      | Laraso the Oni Cinder Acolyte began the quest for the Orb.
     0 | D:1      | Reached XP level 1. HP: 24/24 MP: 2/2
    42 | D:1      | Reached XP level 2. HP: 27/32 MP: 2/4
    43 | D:1      | Found a faded altar of an unknown god.
    77 | D:1      | Learned a level 2 spell: Scorch
   311 | D:1      | Reached XP level 3. HP: 36/39 MP: 5/5
  1773 | D:2      | Reached XP level 4. HP: 48/48 MP: 7/7
  2443 | D:3      | Reached XP level 5. HP: 54/54 MP: 11/11
  2645 | D:3      | Learned a level 5 spell: Fireball
  2661 | D:3      | Reached skill level 5 in Spellcasting
  2666 | D:3      | Reached XP level 6. HP: 26/62 MP: 7/13
  3215 | D:3      | Found an opulent altar of Gozag.
  3389 | D:4      | Found a broken altar of Ashenzari.
  3766 | D:4      | Found a blossoming altar of Fedhas.
  3814 | D:4      | Noticed Edmund
  3834 | D:4      | Killed Edmund
  3835 | D:4      | Reached XP level 7. HP: 10/70 MP: 0/17
  4261 | D:4      | Found a staircase to the Ecumenical Temple.
  4350 | Temple   | Entered the Ecumenical Temple
  4584 | Temple   | Learned a level 7 spell: Orb of Destruction
  4640 | D:4      | Reached skill level 1 in Conjurations
  4931 | D:4      | Found a bloodstained altar of Trog.
  5100 | D:5      | Entered Level 5 of the Dungeon
  5420 | D:5      | Reached skill level 2 in Conjurations
  5420 | D:5      | Reached XP level 8. HP: 77/78 MP: 12/20
  5599 | D:5      | Learned a level 6 spell: Starburst
  5601 | D:5      | Learned a level 1 spell: Foxfire
  5621 | D:5      | Found Fofoev's General Store.
  5629 | D:5      | Bought a scroll of blinking for 82 gold pieces
  5764 | D:5      | Reached skill level 3 in Conjurations
  5825 | D:5      | Found Tituw's Self-Improvement Boutique.
  6190 | D:6      | Found a glowing silver altar of Zin.
  6305 | D:6      | Reached skill level 5 in Fire Magic
  6388 | D:6      | Reached skill level 4 in Conjurations
  6812 | D:6      | Noticed Duvessa
  6812 | D:6      | Noticed Dowan
  6832 | D:6      | Killed Duvessa
  6838 | D:6      | Killed Dowan
  6839 | D:6      | Reached XP level 9. HP: 84/84 MP: 21/21
  7000 | D:6      | Learned a level 2 spell: Sublimation of Blood
  7062 | D:7      | Reached skill level 5 in Conjurations
  7442 | D:7      | Found Zietiawk's Lightly-Used Armoury.
  7469 | D:7      | Noticed a komodo dragon
  7478 | D:7      | Killed a komodo dragon
  7479 | D:7      | Reached skill level 6 in Conjurations
  7617 | D:7      | Noticed Prince Ribbit
  7622 | D:7      | Killed Prince Ribbit
  8268 | D:8      | Noticed Gastronok
  8272 | D:8      | Noticed Maurice
  8462 | D:8      | Killed Maurice
  8463 | D:8      | Reached skill level 7 in Conjurations
  8463 | D:8      | Reached XP level 10. HP: 78/92 MP: 6/22
  8539 | D:8      | Noticed a kobold demonologist
  8543 | D:8      | Noticed an orange demon
  8687 | D:7      | Killed a kobold demonologist
  8795 | D:8      | Reached skill level 8 in Conjurations
  8900 | D:8      | Killed Gastronok
  8901 | D:8      | Reached skill level 9 in Conjurations
  9046 | D:8      | Learned a level 2 spell: Blink
  9089 | D:8      | Noticed a two-headed ogre
  9098 | D:8      | Killed a two-headed ogre
  9119 | D:8      | Reached skill level 10 in Conjurations
  9602 | D:8      | Reached XP level 11. HP: 82/100 MP: 19/23
  9888 | D:8      | Reached skill level 11 in Conjurations
 10281 | D:8      | Noticed a boulder beetle
 10331 | D:8      | Killed a boulder beetle
 10332 | D:8      | Reached skill level 1 in Necromancy
 10332 | D:8      | Reached skill level 1 in Translocations
 10708 | D:8      | Found a runed translucent gate.
 10708 | D:8      | Found a runed translucent gate.
 10708 | D:8      | Found a runed translucent gate.
 10708 | D:8      | Noticed Sonofthefire's ghost (novice OpSh)
 10710 | D:8      | Found a basalt altar of Yredelemnul.
 10822 | D:8      | Killed Sonofthefire's ghost
 11004 | D:8      | Found a staircase to the Lair.
 11076 | D:8      | Identified 2 scrolls of acquirement
 11076 | D:8      | Acquired the amulet "Aboah" {+Blink Regen+ Int+3}
 11090 | D:8      | Acquired a staff of fire
 11145 | D:8      | Noticed Erica
 11152 | D:8      | Killed Erica
 11833 | D:9      | Noticed Jeremiah
 11835 | D:9      | Killed Jeremiah
 11887 | D:9      | Reached skill level 12 in Conjurations
 11900 | D:9      | Found a shimmering altar of Xom.
 11901 | D:9      | Found a burning altar of Makhleb.
 12303 | D:9      | Noticed a two-headed ogre
 12307 | D:9      | Killed a two-headed ogre
 12536 | D:9      | Noticed a two-headed ogre
 12549 | D:9      | Killed a two-headed ogre
 13008 | D:10     | Entered Level 10 of the Dungeon
 13098 | D:10     | Noticed Maggie
 13099 | D:10     | Killed Maggie
 13404 | D:10     | Reached skill level 5 in Necromancy
 13404 | D:10     | Reached XP level 12. HP: 90/107 MP: 14/24
 13555 | D:10     | Found a staircase to the Orcish Mines.
 13703 | D:10     | Found a glowing golden altar of the Shining One.
 13705 | D:10     | Found a radiant altar of Vehumet.
 13940 | D:10     | Noticed a two-headed ogre
 13942 | D:10     | Killed a two-headed ogre
 14292 | D:11     | Reached skill level 13 in Conjurations
 14549 | D:11     | Noticed a boulder beetle
 14591 | D:11     | Killed a boulder beetle
 14599 | D:11     | Noticed a two-headed ogre
 14602 | D:11     | Killed a two-headed ogre
 14913 | D:11     | Noticed a two-headed ogre
 14921 | D:11     | Killed a two-headed ogre
 14922 | D:11     | Reached skill level 14 in Conjurations
 15061 | D:11     | Identified the ring "Inaw" {rElec Int+3 SInv}
 15061 | D:11     | Noticed a centaur warrior
 15066 | D:11     | Killed a centaur warrior
 15125 | D:11     | Noticed a two-headed ogre
 15129 | D:11     | Killed a two-headed ogre
 15138 | D:11     | Noticed a boulder beetle
 15143 | D:11     | Killed a boulder beetle
 15293 | D:11     | Reached skill level 15 in Conjurations
 15450 | D:11     | Noticed a two-headed ogre
 15454 | D:11     | Killed a two-headed ogre
 15455 | D:11     | Reached XP level 13. HP: 114/114 MP: 19/25
 15613 | Lair:1   | Entered Level 1 of the Lair of Beasts
 16829 | Lair:2   | Found a frozen archway.
 16853 | IceCv    | Entered an ice cave
 16990 | IceCv    | Reached skill level 16 in Conjurations
 17447 | IceCv    | Slain by an anaconda simulacrum

Illustrated notes

Levels and vault maps discovered:
D:1:      beargit_arrival_diablo_church, layout_loops_ring,
          hellmonk_ecumenical_altar_blasted, minmay_heptomino_o4
D:2:      layout_rooms
D:3:      minmay_door_path, layout_basic, lemuel_doored_altar, minivault_25
D:4:      layout_basic, trog_book, evilmike_ruin_ashenzari, fedhas_altar_2,
          minmay_temple_entry_butterflies, uniq_edmund
D:5:      layout_basic, serial_shops, shop, nrook_uturn,
          chequers_serial_rivers_micro_b, nicolae_shop_self_help
D:6:      layout_basic, zin_academy, uniq_duvessa
D:7:      layout_basic, serial_glass, glass_columns_c, glass_columns_a,
          feat_on_display, minmay_strange_pillars, minmay_shop_damaged,
          uniq_prince_ribbit1
D:8:      nzn_winding_woodlands_cross [nzn_winding_woodlands_5x15_pool,
          nzn_winding_woodlands_5x15_crooked,
          nzn_winding_woodlands_5x15_pockets,
          nzn_winding_woodlands_5x15_river_crossing,
          nzn_winding_woodlands_15x15_eel_pit], layout_basic,
          nicolae_yredelemnul_ghost_church, uniq_gastronok, uniq_maurice,
          uniq_erica
D:9:      layout_loops_cross, grunt_temple_overflow_champion_of_chaos,
          chequers_big_river, uniq_jeremiah
D:10:     layout_basic, chequers_temple_overflow_statue_of_worship, erik_orc_1,
          uniq_maggie
D:11:     layout_roguey, grunt_ministairs_14, minivault_24, nrook_loot_triangle,
          minmay_pinched_square
Temple:   minmay_temple_bridge_abc
Lair:1:   layout_regular_city
Lair:2:   layout_small_grid, nicolae_snake_entry_squirm,
          portal_ice_cave_entry_ice_simulacra
IceCv:    ice_cave_caverns_01

Skill      XL: |  1  2  3  4  5  6  7  8  9 10 11 12 13 |
---------------+----------------------------------------+-----
Fire Magic     | 3 5 7 8 |  8.0
Spellcasting   | 2 4 5 6 8 |  8.8
Maces & Flails | 4 |  4.2
Conjurations   | 2 4 7 10 12 15 16 | 16.0
Necromancy     | 5 6 |  6.0
Translocations | 3 |  3.0
Fighting       | |  4.0

Action                     |  1- 3 |  4- 6 |  7- 9 | 10-12 | 13-15 || total
---------------------------+-------+-------+-------+-------+-------++-------
  Melee: Mace              |    52 |    29 |       |       |       ||    81
         Headbutt          |     5 |     5 |     4 |    11 |     1 ||    26
         Flail             |       |       |    19 |    47 |       ||    66
         Staff             |       |       |       |    17 |     9 ||    26
         Punch             |       |       |       |     1 |       ||     1
   Cast: Scorch            |    27 |    74 |   140 |    87 |       ||   328
         Foxfire           |       |       |    29 |    10 |       ||    39
         Fireball          |       |       |    11 |   108 |    41 ||   160
         Blink             |       |       |       |     4 |       ||     4
         Starburst         |       |       |       |    31 |    13 ||    44
         Orb of Destructio |       |       |       |     2 |     7 ||     9
         Sublimation of Bl |       |       |       |    26 |    32 ||    58
    Use: Scroll            |     5 |     1 |     9 |     6 |     2 ||    23
         Potion            |       |       |     1 |       |       ||     1
 Armour: Robe              |    36 |    36 |   103 |   107 |       ||   282
         Acid dragon scale |       |       |       |    13 |       ||    13
         Troll leather arm |       |       |       |     9 |    21 ||    30
  Dodge: Dodged            |    29 |    29 |    42 |    51 |    21 ||   172
  Block: Other             |       |       |    34 |    22 |       ||    56
         Reflection        |       |       |     2 |     1 |       ||     3

Table legend: (Time is in decaauts)
 A = Elapsed time spent in this place.
 B = Non-inter-level travel time spent in this place.
 C = Inter-level travel time spent in this place.
 D = Time resting spent in this place.
 E = Time spent auto-exploring this place.
 F = Levels seen in this place.
 G = Mean time per level.
                   A        B        C        D        E       F      G
               +--------+--------+--------+--------+--------+-----+--------+
         Total |  17522 |  17071 |    451 |   4479 |   9869 |  15 | 1168.1 |
       Dungeon |  15457 |  15033 |    424 |   3975 |   8727 |  11 | 1405.2 |
        Temple |    233 |    233 |      0 |    205 |      0 |   1 |  233.0 |
          Lair |   1237 |   1210 |     27 |    188 |    882 |   2 |  618.5 |
      Ice Cave |    594 |    594 |      0 |    111 |    260 |   1 |  594.0 |
               +--------+--------+--------+--------+--------+-----+--------+

Top non-repeatable levels by time:
     D:8: 2280 daAuts
     D:7: 2006 daAuts
     D:9: 1654 daAuts
    D:11: 1565 daAuts
     D:1: 1561 daAuts
     D:4: 1500 daAuts
  Lair:1: 1166 daAuts
     D:3: 1124 daAuts
     D:6: 1100 daAuts
    D:10: 1011 daAuts
     D:5: 906 daAuts
     D:2: 746 daAuts
   IceCv: 594 daAuts
  Temple: 233 daAuts
  Lair:2: 70 daAuts
